 Dungeon Crawl Stone Soup version 0.22-a0-448-g1fb7470 (webtiles) character file.

609 pk666 the Conjurer (level 7, -6/36 HPs)
             Began as a Deep Elf Fire Elementalist on June 4, 2018.
             Was an Initiate of Vehumet.
             Mangled by a wyvern zombie (9 damage)
             ... in an ossuary.
             The game lasted 00:09:42 (4343 turns).

pk666 the Conjurer (Deep Elf Fire Elementalist)     Turns: 4343, Time: 00:09:43

Health: -6/36      AC:  2    Str:  5    XL:     7   Next: 19%
Magic:  11/17      EV: 18    Int: 22    God:    Vehumet [......]
Gold:   240        SH:  0    Dex: 20    Spells: 8/17 levels left

rFire    + . .     SeeInvis .   p - staff of conjuration
rCold    + . .     Gourm    .   (no shield)
rNeg     . . .     Faith    .   a - +0 robe
rPois    +         Spirit   .   (no helmet)
rElec    +         Reflect  .   (no cloak)
rCorr    +         Harm     .   (no gloves)
MR       .....                  (no boots)
Stlth    ++++......             (no amulet)
HPRegen  0.12/turn              s - ring of stealth
MPRegen  0.15/turn              (no ring)

@: agile, resistant
A: no striking features
a: Renounce Religion


You were in an ossuary.
You worshipped Vehumet.
Vehumet was noncommittal.
You were not hungry.

You visited 2 branches of the dungeon, and saw 6 of its levels.
You also visited: Ossuary.

You collected 240 gold pieces.

Inventory:

Armour
 a - a +0 robe (worn)
Magical Staves
 p - an uncursed staff of conjuration (weapon)
 y - an uncursed staff of cold
Jewellery
 s - a ring of stealth (left hand)
Wands
 r - a wand of disintegration (15)
Scrolls
 d - 2 scrolls of fear {unknown}
 e - 4 scrolls of identify {unknown}
 f - 4 scrolls of remove curse {unknown}
 h - a scroll of blinking {unknown}
 i - a scroll of fog {unknown}
 n - a scroll of immolation {unknown}
 o - a scroll of random uselessness {unknown}
 q - a scroll of amnesia {unknown}
 t - a scroll of teleportation {unknown}
 u - a scroll of magic mapping {unknown}
 v - a scroll of noise {unknown}
Potions
 b - a potion of agility
 g - a potion of resistance
 j - a potion of heal wounds {unknown}
 k - a potion of degeneration {unknown}
 l - a potion of lignification {unknown}
 m - 2 potions of mutation {unknown}
 x - a potion of brilliance {unknown}
Comestibles
 c - 6 rations


   Skills:
 - Level 2.4 Dodging
 - Level 2.4 Stealth
 + Level 5.8 Spellcasting
 * Level 6.0 Conjurations
 + Level 5.3 Fire Magic


You had 8 spell levels left.
You knew the following spells:

 Your Spells              Type           Power        Failure   Level  Hunger
a - Flame Tongue          Conj/Fire      #####        1%          1    None
c - Conjure Flame         Conj/Fire      #####...     2%          3    ##.....
z - Fireball              Conj/Fire      #####.....   24%         5    #####..

Your spell library contained the following spells:

 Spells                   Type           Power        Failure   Level  Hunger
 Throw Flame              Conj/Fire      #####.       1%          2    None
 Sticky Flame             Conj/Fire      #####...     9%          4    ####...
 Inner Flame              Hex/Fire       ###.....     10%         3    ##.....


Dungeon Overview and Level Annotations

Branches:
Dungeon (5/15)             Temple (1/1) D:4

Altars:
Fedhas
Okawaru
Ru
Vehumet
Wu Jian
Zin

Shops:
D:4 }

Annotations:
D:4 KristoblXynda's ghost, novice NaGl


Message History

Confirm with . or Enter, or press ? or * to list all spells.
Aiming: Flame Tongue (safe; 1% risk of failure)
Press: ? - help, Shift-Dir - straight line, f/p - wyvern zombie
Aim: a wyvern zombie (heavily damaged)
You feel a surge of power!
The flame tongue hits the wyvern zombie.
The wyvern zombie is severely damaged.
The wyvern zombie bites you!
* * * LOW HITPOINT WARNING * * *
The wyvern zombie bites you.
* * * LOW HITPOINT WARNING * * *
There is an empty arch of ancient stone here.
It was a potion of agility.
You feel agile all of a sudden. The wyvern zombie misses you.
It was a potion of resistance.
You feel protected.
The wyvern zombie bites you but does no damage.
The wyvern zombie bites you!
You die...

## # .# #
#'#+#'#'#M#+
+...........
#.##'##+##Z
.M #.Z.# ##
#.@.# #..∩#
#####


You could see a wyvern zombie.

Vanquished Creatures
  A phantom (D:4)
  An ogre (D:4)
  2 bullfrog zombies (Ossuary)
  A centaur zombie (Ossuary)
  5 orc wizards
  A centaur skeleton (D:4)
  A hound zombie (Ossuary)
  5 mummies (Ossuary)
  A worker ant zombie (Ossuary)
  An adder (D:4)
  An adder zombie (Ossuary)
  A dart slug (D:3)
  3 leopard geckos
  6 orcs
  3 bats
  5 giant cockroaches
  11 goblins
  7 hobgoblins
  2 jackals (D:1)
  2 quokkas
  7 frilled lizards
  5 kobolds (D:1)
  A leopard gecko zombie (Ossuary)
  6 rats
79 creatures vanquished.

Vanquished Creatures (others)
  A withered plant (Ossuary)
1 creature vanquished.

Grand Total: 80 creatures vanquished

Notes
Turn   | Place    | Note
-------+----------+-------------------------------------------
     0 | D:1      | pk666 the Deep Elf Fire Elementalist began the quest for the Orb.
     0 | D:1      | Reached XP level 1. HP: 10/10 MP: 6/6
   297 | D:1      | Reached XP level 2. HP: 15/15 MP: 5/8
   337 | D:1      | Reached skill level 2 in Conjurations
  1033 | D:1      | Reached XP level 3. HP: 19/19 MP: 8/10
  2319 | D:3      | Reached skill level 3 in Conjurations
  2359 | D:3      | Reached XP level 4. HP: 24/24 MP: 8/12
  2632 | D:4      | Reached XP level 5. HP: 24/28 MP: 8/13
  2680 | D:4      | Learned a level 5 spell: Fireball
  2809 | D:4      | Reached skill level 4 in Conjurations
  2832 | D:4      | Found Igobul's Gadget Shoppe.
  3207 | D:4      | Noticed a phantom
  3208 | D:4      | Noticed KristoblXynda's ghost (novice NaGl)
  3498 | D:4      | Found a staircase to the Ecumenical Temple.
  3505 | Temple   | Entered the Ecumenical Temple
  3512 | Temple   | Became a worshipper of Vehumet
  3592 | D:4      | Noticed an ogre
  3597 | D:4      | Learned a level 3 spell: Conjure Flame
  3619 | D:4      | Killed an ogre
  3619 | D:4      | Reached skill level 5 in Spellcasting
  3619 | D:4      | Reached skill level 5 in Conjurations
  3619 | D:4      | Reached XP level 6. HP: 27/32 MP: 6/15
  4032 | D:5      | Entered Level 5 of the Dungeon
  4043 | D:5      | Found a sand-covered staircase.
  4051 | Ossuary  | Entered an ossuary
  4060 | Ossuary  | Reached skill level 5 in Fire Magic
  4092 | Ossuary  | Reached XP level 7. HP: 32/36 MP: 1/17
  4151 | Ossuary  | Reached skill level 6 in Conjurations
  4343 | Ossuary  | Mangled by a wyvern zombie

Vault maps used:
D:1:      lemuel_arrival_river_ford, minmay_split_cup_small
D:2:      cheibrodos_helix_gallery
D:4:      temple_statues, serial_shops, nicolae_shop_stone
D:5:      lemuel_upstairs_altar, first_ration, chequers_ossuary_entry_cave
Temple:   nicolae_temple_the_god_donut
Ossuary:  ossuary_zaba_flooded

Skill      XL: |  1  2  3  4  5  6  7 |
---------------+----------------------+-----
Conjurations   | 2 3 5 6 |  6.0
Spellcasting   | 4 5 |  5.8
Fire Magic     | 4 5 |  5.3
Dodging        | |  2.4
Stealth        | |  2.4

Action                   |  1- 3 |  4- 6 |  7- 9 || total
-------------------------+-------+-------+-------++-------
Melee: Unarmed           |     1 |       |       ||     1
       Staff             |       |     3 |     6 ||     9
 Cast: Flame Tongue      |    71 |    77 |    17 ||   165
       Conjure Flame     |       |     2 |     3 ||     5
  Use: Potion            |       |       |     2 ||     2
  Eat: Chunk             |     4 |     4 |       ||     8
       Ration            |       |       |     1 ||     1
Armor: Robe              |     3 |       |     4 ||     7
Dodge: Dodged            |    14 |    15 |    13 ||    42

Table legend:
 A = Spawn XP
 B = Non-spawn XP
 C = Spawn XP percentage of total XP
 D = Spawn monster count
 E = Non-spawn monster count
 F = Spawn count percentage of total count
 G = Total turns spent on level
                    A         B        C        D         E        F      G
               +---------+---------+-------+---------+---------+-------+---------
         Total |       0 |     871 |   0.0 |       0 |      79 |   0.0 |  4343
               +---------+---------+-------+---------+---------+-------+---------
           D:1 |       0 |      41 |   0.0 |       0 |      24 |   0.0 |  1141
           D:2 |       0 |      27 |   0.0 |       0 |      17 |   0.0 |   598
           D:3 |       0 |     101 |   0.0 |       0 |      11 |   0.0 |  1025
           D:4 |       0 |     429 |   0.0 |       0 |      15 |   0.0 |  1253
       Ossuary |       0 |     273 |   0.0 |       0 |      12 |   0.0 |   292
               +---------+---------+-------+---------+---------+-------+---------
